 Dungeon Crawl Stone Soup version 0.29.1-13-g9f3cf754e1 (webtiles) character file.

Game seed: 5623810006089870408

55 RapScallion the Sneak (level 4, 0/27 HPs)
             Began as a Kobold Brigand on Jan 20, 2023.
             Slain by an orc wizard
             ... wielding a +0 dagger
              (3 damage)
             ... on level 3 of the Dungeon.
             The game lasted 00:10:05 (2521 turns).

RapScallion the Sneak (Kobold Brigand)              Turns: 2521, Time: 00:10:05

Health: 0/27       AC:  5    Str:  8    XL:     4   Next: 14%
Magic:  4/4        EV: 14    Int: 12    God:
Gold:   33         SH:  0    Dex: 18    Spells: 3/3 levels left

rFire   . . .      SeeInvis .   a - +2 dagger
rCold   . . .      Faith    .   (no shield)
rNeg    . . .      Spirit   .   b - +0 robe
rPois   .          Reflect  .   o - +0 helmet
rElec   .          Harm     .   c - +0 cloak
rCorr   .          Rampage  .   (no gloves)
Will    .....                   f - +0 pair of boots
Stlth   +++++.....              (no amulet)
HPRegen 0.09/turn               (no ring)
MPRegen 0.09/turn               (no ring)

@: no status effects
A: small, no large weapons, nightstalker 3
a: no special abilities


You were on level 3 of the Dungeon.
You visited 1 branch of the dungeon, and saw 3 of its levels.

You collected 33 gold pieces.

Inventory:

Hand Weapons
 a - a +2 dagger (weapon)
Missiles
 d - 9 poisoned darts (quivered)
 e - 3 curare-tipped darts
Armour
 b - a +0 robe (worn)
 c - a +0 cloak (worn)
 f - a +0 pair of boots (worn)
 o - a +0 helmet (worn)
Scrolls
 g - a scroll of vulnerability
 j - a scroll of butterflies {unknown}
 k - a scroll of enchant weapon {unknown}
 m - 3 scrolls of identify
 n - a scroll of enchant armour {unknown}
Potions
 i - a potion of curing {unknown}
 l - a potion of brilliance {unknown}


   Skills:
 + Level 2.8 Fighting
 + Level 3.2 Short Blades
 + Level 2.3 Throwing
 + Level 1.4 Dodging
 + Level 6.5 Stealth


You had 3 spell levels left.
You didn't know any spells.
Your spell library was empty.

Dungeon Overview and Level Annotations

Branches:
Dungeon (3/15)

Altars:


Innate Abilities, Weirdness & Mutations

You are small and have problems with some larger weapons.
You are completely attuned to the shadows.


Message History

As you read the scroll labelled WENASE XETREZ, it crumbles to dust.
It is a scroll of identify.
g - a scroll of vulnerability Something hits you.
* * * LOW HITPOINT WARNING * * *
Unknown command.
It was a potion of heal wounds.
You feel much better. Something barely misses you.
You closely miss something.
You hear some strange, mumbled words.
A puff of flame appears from out of thin air!
The puff of flame hits you.
You miss something. You hit something. Something hits you.
You miss something. Something barely misses you.
You closely miss something. Something hits you.
You barely miss something. Something barely misses you.
You hit something. Something hits you.
You closely miss something. You closely miss something. You punch something.
Something hits you but does no damage.
You barely miss something.
You hear some strange, mumbled words.
A puff of flame appears from out of thin air!
The puff of flame hits you!
You barely miss something. Something hits you but does no damage.
You barely miss something. Something hits you.
* * * LOW HITPOINT WARNING * * *
You hit something but do no damage. You completely miss something.
Something hits you but does no damage.
You hit something. Something hits you but does no damage.
You hit something. Something hits you.
* * * LOW HITPOINT WARNING * * *
You miss something. Something completely misses you.
You barely miss something. You closely miss something. Something hits you.
* * * LOW HITPOINT WARNING * * *
You hit something but do no damage. Something hits you but does no damage.
You closely miss something. Something hits you.
You die...

#.#.# #......
#.#.# #......
#.#.# #o.o...
#.#.# #......
#.#.#######o...?.
#.#....J..o...###
#...J####...###
####{# #...# #@#
#...# #####.#
##### #.....#
#.#########
#.#.......#
#.#.#####.#
#.#.#...#.#
#.#.#.#.#.#
#.#.#.#.#.#


You could see an endoplasm.

Vanquished Creatures
  2 adders (D:2)
  2 dart slugs
  2 orcs (D:3)
  2 bats (D:1)
  2 endoplasms (D:1)
  A giant cockroach (D:3)
  2 hobgoblins (D:1)
  2 jackals (D:2)
  5 kobolds
  2 quokkas
  3 ball pythons
  A frilled lizard (D:1)
  3 goblins (D:1)
  A rat (D:1)
30 creatures vanquished.

Notes
Turn   | Place    | Note
-------+----------+-------------------------------------------
     0 | D:1      | RapScallion the Kobold Brigand began the quest for the Orb.
     0 | D:1      | Reached XP level 1. HP: 12/12 MP: 1/1
   285 | D:1      | Reached XP level 2. HP: 16/17 MP: 2/2
   544 | D:1      | Reached skill level 6 in Stealth
   792 | D:1      | Reached XP level 3. HP: 22/22 MP: 3/3
  2299 | D:3      | Reached XP level 4. HP: 23/27 MP: 4/4
  2521 | D:3      | Slain by an orc wizard

Illustrated notes

Levels and vault maps discovered:
D:1:      ncdulo_smallfort, layout_rooms, minivault_25, minivault_26
D:2:      layout_basic
D:3:      layout_basic, makhleb_altar_promises_db,
          mainiacjoe_overflow_boulevard, serial_shops, nicolae_shop_crystal,
          nicolae_figureground_sparkle

Skill      XL: |  1  2  3 |
---------------+----------+-----
Stealth        | 6 |  6.5
Short Blades   | 3 |  3.2
Fighting       | |  2.8
Throwing       | |  2.3
Dodging        | |  1.4

Action                   |  1- 3 |  4- 6 || total
-------------------------+-------+-------++-------
Melee: Dagger            |    87 |    36 ||   123
       Punch             |       |     1 ||     1
Throw: Dart              |     2 |       ||     2
  Use: Scroll            |       |     1 ||     1
       Potion            |       |     1 ||     1
 Stab: Sleeping          |    13 |     2 ||    15
Armor: Robe              |    29 |    13 ||    42
Dodge: Dodged            |    64 |    12 ||    76
